 Dungeon Crawl Stone Soup version 0.27.1-4-g1640c2035a (webtiles) character file.

Game seed: 6111025611794821650

363 MisterFreud the Slasher (level 6, -2/51 HPs)
             Began as a Gnoll Wanderer on Nov 10, 2021.
             Was a Follower of Ashenzari.
             Slain by a gnoll sergeant (6 damage)
             ... on level 4 of the Dungeon.
             The game lasted 00:05:20 (4844 turns).

MisterFreud the Slasher (Gnoll Wanderer)            Turns: 4844, Time: 00:05:20

Health: -2/51      AC:  5    Str: 13    XL:     6   Next: 67%
Magic:  9/9        EV: 11    Int: 13    God:    Ashenzari [*.....]
Gold:   207        SH:  0    Dex: 10    Spells: 9/9 levels left

rFire    . . .     SeeInvis .   a - +2 falchion of the Manifest Chagrin {Cun, Fort} (curse)
rCold    . . .     Faith    .   (no shield)
rNeg     . . .     Spirit   .   h - +0 ring mail "Per Aspera Ad Scientiam" {Elem, Alch} (curse)
rPois    .         Reflect  .   (no helmet)
rElec    .         Harm     .   (no cloak)
rCorr    .         Rampage  .   (no gloves)
Will     .....                  (no boots)
Stlth    +.........             (no amulet)
HPRegen  0.17/turn              (no ring)
MPRegen  0.11/turn              (no ring)

@: no status effects
A: fangs 1, strong nose, distributed training
a: Renounce Religion, Curse Item, Shatter the Chains


You were on level 4 of the Dungeon.
You worshipped Ashenzari.
Ashenzari was aware of your devotion.
You visited 1 branch of the dungeon, and saw 5 of its levels.

You collected 207 gold pieces.

Inventory:

Hand Weapons
 a - the cursed +2 falchion of the Manifest Chagrin (weapon) {Cun, Fort}

   It has a curse which improves the following skills: Cunning: Dodging and
   Stealth.
   Fortitude: Armour and Shields.
 b - a +0 spear
Missiles
 e - 3 boomerangs
 f - 11 poisoned darts (quivered)
Armour
 d - a +0 robe
 h - the cursed +0 ring mail "Per Aspera Ad Scientiam" (worn) {Elem, Alch}
   (You found it on level 1 of the Dungeon)

   It has a curse which improves the following skills: Elements: Fire Magic, Ice
   Magic, Air Magic and Earth Magic.
   Alchemy:   Poison Magic and Transmutations.
Wands
 l - a wand of charming (7)
Scrolls
 i - 5 scrolls of teleportation
 m - 3 scrolls of holy word
 n - a scroll of magic mapping
Potions
 c - 2 potions of lignification
 g - 3 potions of cancellation
 j - a potion of curing
 k - a potion of ambrosia


   Skills:
 + Level 5.0 Fighting
 + Level 2.0 Short Blades
 + Level 6.8 Long Blades
 + Level 2.0 Axes
 + Level 2.0 Maces & Flails
 + Level 2.0 Polearms
 + Level 2.0 Staves
 + Level 2.0 Slings
 + Level 5.0 Bows
 + Level 2.0 Crossbows
 + Level 2.0 Throwing
 + Level 3.3(4.2) Armour
 + Level 2.0(2.8) Dodging
 + Level 2.0(2.8) Stealth
 + Level 5.0(6.0) Shields
 + Level 2.0 Unarmed Combat
 + Level 2.0 Spellcasting
 + Level 1.6 Conjurations
 + Level 1.6 Hexes
 + Level 1.6 Summonings
 + Level 1.6 Necromancy
 + Level 1.6 Translocations
 + Level 1.6(2.3) Transmutations
 + Level 1.6(2.3) Fire Magic
 + Level 1.6(2.3) Ice Magic
 + Level 1.6(2.3) Air Magic
 + Level 1.6(2.3) Earth Magic
 + Level 1.6(2.3) Poison Magic
 + Level 2.2 Invocations
 + Level 2.0 Evocations


You had 9 spell levels left.
You didn't know any spells.
Your spell library contained the following spells:

 Spells                   Type           Power      Damage    Failure   Level
 Blink                    Tloc           N/A        N/A       38%         2
 Dazzling Flash           Conj/Hex       10%        N/A       63%         3
 Gell's Gravitas          Tloc           2%         N/A       63%         3
 Lesser Beckoning         Tloc           2%         N/A       63%         3
 Teleport Other           Tloc           5%         N/A       63%         3
 Silence                  Hex/Air        3%         N/A       99%         5
 Agony                    Necr           5%         N/A       100%        5
 Manifold Assault         Tloc           5%         N/A       100%        5


Dungeon Overview and Level Annotations

Branches:
Dungeon (5/15)
 Temple: D:4-7

Altars:
Ashenzari
Fedhas
Vehumet
Xom

Shops:
D:2 :


Innate Abilities, Weirdness & Mutations

You have very sharp teeth.
Your uncanny sense of smell can sniff out nearby items.
Your experience applies equally to all skills.


Message History

Your surroundings seem slightly different.
There is a stone staircase leading down here.
You climb downwards.
There is a stone staircase leading up here.
You start resting.
HP restored.
You can't go down here!
You climb upwards.
There is a stone staircase leading down here.
No target in view!
The gnoll sergeant hits you but does no damage.
The gnoll sergeant hits you with a +0 trident!
You slash the gnoll sergeant!
The gnoll sergeant is moderately wounded.
The gnoll sergeant barely misses you.
You riposte.
You hit the gnoll sergeant.
You bite the gnoll sergeant, but do no damage.
The gnoll sergeant is moderately wounded.
You hit the gnoll sergeant but do no damage.
The gnoll sergeant is moderately wounded.
You hit the gnoll sergeant but do no damage.
The gnoll sergeant is moderately wounded.
The gnoll sergeant hits you with a +0 trident!
You hit the gnoll sergeant.
The gnoll sergeant is heavily wounded.
The gnoll sergeant hits you with a +0 trident!
You hit the gnoll sergeant but do no damage.
Your bite misses the gnoll sergeant.
The gnoll sergeant is heavily wounded.
The gnoll sergeant barely misses you.
You riposte.
The gnoll sergeant blocks your attack.
You bite the gnoll sergeant, but do no damage.
The gnoll sergeant is heavily wounded.
You barely miss the gnoll sergeant.
The gnoll sergeant is heavily wounded.
The gnoll sergeant hits you with a +0 trident!
* * * LOW HITPOINT WARNING * * *
You hit the gnoll sergeant.
The gnoll sergeant is heavily wounded.
The gnoll sergeant hits you with a +0 trident.
You die...

..........># #...#
#########.######..#
..........#
.#......÷.# ∆
#.#........###
#.#..........#
#.#..........#
#..........########
#......@#>....(....
#.....g.###########
#...)........#
###'########.# #.#
#.# #######.#######
..............#
########.#####.#


You could see a gnoll sergeant.

Vanquished Creatures
  A water moccasin skeleton (D:4)
  An iguana (D:3)
  An orc wizard (D:4)
  8 gnolls
  9 adders
  A howler monkey skeleton (D:4)
  3 worms (D:3)
  A dart slug (D:3)
  4 orcs (D:4)
  12 endoplasms
  2 giant cockroaches
  5 goblins
  11 hobgoblins
  3 jackals (D:4)
  3 quokkas
  4 ball pythons
  A bat (D:1)
  6 frilled lizards
  5 kobolds
  5 rats
86 creatures vanquished.

Notes
Turn   | Place    | Note
-------+----------+-------------------------------------------
     0 | D:1      | MisterFreud the Gnoll Wanderer began the quest for the Orb.
     0 | D:1      | MisterFreud set off with the following items: a +2
                  | falchion, a +0 spear, a potion of lignification, a +0 robe
     0 | D:1      | Reached XP level 1. HP: 20/20 MP: 1/1
     8 | D:1      | Noticed a minotaur skeleton
   159 | D:1      | Reached XP level 2. HP: 26/26 MP: 2/2
   677 | D:1      | Reached XP level 3. HP: 31/31 MP: 3/3
   984 | D:2      | Reached skill level 1 in Invocations
  1184 | D:2      | Found a faded altar of an unknown god.
  1193 | D:2      | Reached skill level 1 in Short Blades
  1193 | D:2      | Reached skill level 1 in Axes
  1193 | D:2      | Reached skill level 1 in Maces & Flails
  1193 | D:2      | Reached skill level 1 in Polearms
  1193 | D:2      | Reached skill level 1 in Staves
  1193 | D:2      | Reached skill level 1 in Slings
  1193 | D:2      | Reached skill level 1 in Crossbows
  1193 | D:2      | Reached skill level 1 in Throwing
  1193 | D:2      | Reached skill level 1 in Dodging
  1193 | D:2      | Reached skill level 1 in Stealth
  1193 | D:2      | Reached skill level 1 in Unarmed Combat
  1193 | D:2      | Reached skill level 1 in Spellcasting
  1193 | D:2      | Reached skill level 1 in Evocations
  1194 | D:2      | Reached XP level 4. HP: 35/38 MP: 5/5
  1203 | D:2      | Became a worshipper of Ashenzari the Shackled
  1692 | D:2      | Reached skill level 1 in Conjurations
  1692 | D:2      | Reached skill level 1 in Hexes
  1692 | D:2      | Reached skill level 1 in Summonings
  1692 | D:2      | Reached skill level 1 in Necromancy
  1692 | D:2      | Reached skill level 1 in Translocations
  1692 | D:2      | Reached skill level 1 in Transmutations
  1692 | D:2      | Reached skill level 1 in Fire Magic
  1692 | D:2      | Reached skill level 1 in Ice Magic
  1692 | D:2      | Reached skill level 1 in Air Magic
  1692 | D:2      | Reached skill level 1 in Earth Magic
  1692 | D:2      | Reached skill level 1 in Poison Magic
  1719 | D:2      | Found Sigula's Book Emporium.
  2067 | D:2      | Reached XP level 5. HP: 41/43 MP: 6/6
  2140 | D:2      | Reached * piety under Ashenzari
  3501 | D:4      | Reached XP level 6. HP: 23/50 MP: 8/8
  4006 | D:4      | Reached skill level 5 in Fighting
  4006 | D:4      | Reached skill level 5 in Bows
  4006 | D:4      | Reached skill level 5 in Shields
  4440 | D:4      | Found a faded altar of an unknown god.
  4440 | D:4      | Found a blossoming altar of Fedhas.
  4486 | D:4      | Found a faded altar of an unknown god.
  4486 | D:4      | Identified the +4 short sword "Caepul" {vorpal, *Corrode
                  | Str+2 Int+4 Dex+2}
  4488 | D:4      | Found a shimmering altar of Xom.
  4490 | D:4      | Found a radiant altar of Vehumet.
  4642 | D:5      | Entered Level 5 of the Dungeon
  4844 | D:4      | Slain by a gnoll sergeant

Illustrated notes

Levels and vault maps discovered:
D:1:      shiori_arrival_whats_in_store_for_you, layout_basic
D:2:      layout_rooms, serial_shops, nicolae_square_shop,
          ebering_ecumenical_altar_mist
D:3:      layout_loops_ring, chequers_serial_rivers_small_b
D:4:      layout_basic, chequers_temple_overflow_minitemple, st_stairs_10
D:5:      layout_basic

Skill      XL: |  1  2  3  4  5  6 |
---------------+-------------------+-----
Invocations    | 1 2 |  2.2
Short Blades   | 1 2 |  2.0
Axes           | 1 2 |  2.0
Maces & Flails | 1 2 |  2.0
Polearms       | 1 2 |  2.0
Staves         | 1 2 |  2.0
Slings         | 1 2 |  2.0
Crossbows      | 1 2 |  2.0
Throwing       | 1 2 |  2.0
Dodging        | 1 2 |  2.0
Stealth        | 1 2 |  2.0
Unarmed Combat | 1 2 |  2.0
Spellcasting   | 1 2 |  2.0
Evocations     | 1 2 |  2.0
Conjurations   | 1 |  1.6
Hexes          | 1 |  1.6
Summonings     | 1 |  1.6
Necromancy     | 1 |  1.6
Translocations | 1 |  1.6
Transmutations | 1 |  1.6
Fire Magic     | 1 |  1.6
Ice Magic      | 1 |  1.6
Air Magic      | 1 |  1.6
Earth Magic    | 1 |  1.6
Poison Magic   | 1 |  1.6
Armour         | 3 |  3.3
Fighting       | 5 |  5.0
Bows           | 5 |  5.0
Shields        | 5 |  5.0
Long Blades    | |  6.8

Action                   |  1- 3 |  4- 6 || total
-------------------------+-------+-------++-------
Melee: Falchion          |    63 |   216 ||   279
       Bite              |     6 |    24 ||    30
       Punch             |       |     2 ||     2
Invok: Curse Item        |       |     2 ||     2
 Stab: Sleeping          |     1 |     1 ||     2
Armor: Robe              |     2 |       ||     2
       Ring mail         |    10 |    54 ||    64
Dodge: Dodged            |    28 |    96 ||   124
       Rpst.: Falchion   |    15 |    35 ||    50
